 Dungeon Crawl Stone Soup version 0.28.0 (webtiles) character file.

Game seed: 1706731346642274331

60524 fragbeetle the Fetichist (level 15, -10/92 HPs)
             Began as a Kobold Brigand on Feb 12, 2022.
             Was an Elder of Okawaru.
             Killed from afar by a will-o-the-wisp (14 damage)
             ... with a foxfire
             ... on level 3 of the Lair of Beasts.
             The game lasted 01:22:16 (39237 turns).

fragbeetle the Fetichist (Kobold Brigand)          Turns: 39237, Time: 01:22:16

Health: -10/92     AC: 15    Str: 18    XL:     15   Next: 38%
Magic:  25/25      EV: 18    Int: 13    God:    Okawaru [****..]
Gold:   1696       SH: 10    Dex: 21    Spells: 9/14 levels left

rFire   + . .      SeeInvis .   a - +3 dagger (elec)
rCold   + . .      Faith    .   Z - +0 buckler
rNeg    + . .      Spirit   .   H - +0 scale mail of the Gloaming {rC+ rN+ Will+ Str+4}
rPois   +          Reflect  +   l - +2 helmet
rElec   .          Harm     .   c - +0 cloak
rCorr   .          Rampage  .   (no gloves)
Will    ++...                   E - +0 pair of boots
Stlth   ++++++....              s - amulet of Burghuv {Reflect rPois Str+3 SH+5}
HPRegen 0.25/turn               B - +4 ring of protection
MPRegen 0.19/turn               Q - ring of protection from fire

@: no status effects
A: small, no large weapons, nightstalker 3
a: Renounce Religion, Heroism, Finesse


You were on level 3 of the Lair of Beasts.
You worshipped Okawaru.
Okawaru was greatly pleased with you.
You visited 5 branches of the dungeon, and saw 22 of its levels.
You also visited: Volcano.

You collected 1820 gold pieces.
You spent 124 gold pieces at shops.

Inventory:

Hand Weapons
 a - a +3 dagger of electrocution (weapon)
 b - a +0 hand crossbow
 N - a +1 short sword of speed
 U - a +2 vampiric dagger
 V - a +0 dagger of speed
Missiles
 e - 6 curare-tipped darts (quivered)
 k - 8 datura-tipped darts
 p - 485 bolts
 v - a throwing net
Armour
 c - a +0 cloak (worn)
 l - a +2 helmet (worn)
 E - a +0 pair of boots (worn)
 H - the +0 scale mail of the Gloaming (worn) {rC+ rN+ Will+ Str+4}
   (You found it on level 6 of the Dungeon)

   Str:       It affects your strength (+4).
   rC:        It protects you from cold.
   rN:        It protects you from negative energy.
   Will:      It increases your willpower.
 Z - a +0 buckler (worn)
Jewellery
 f - a ring of flight
 j - a ring of positive energy
 s - the amulet of Burghuv (around neck) {Reflect rPois Str+3 SH+5}
   (You found it on level 3 of the Dungeon)

   [amulet of reflection]

   It reflects blocked missile attacks.
   Str:       It affects your strength (+3).
   rPois:     It protects you from poison.
   SH:        It affects your SH (+5).
 w - a +4 ring of evasion
 B - a +4 ring of protection (left hand)
 Q - a ring of protection from fire (right hand)
 X - a ring of resist corrosion
Wands
 C - a wand of polymorph (1)
 J - a wand of digging (12)
Scrolls
 d - 2 scrolls of enchant armour {unknown}
 o - a scroll of amnesia {unknown}
 r - 3 scrolls of teleportation
 t - a scroll of immolation {unknown}
 y - 6 scrolls of fog
 A - 3 scrolls of enchant weapon
 G - a scroll of vulnerability {unknown}
 I - a scroll of summoning {unknown}
 K - 2 scrolls of holy word
 M - a scroll of silence
 R - 5 scrolls of blinking
 S - 2 scrolls of torment {unknown}
 T - 3 scrolls of fear {unknown}
 Y - a scroll of acquirement {unknown}
Potions
 g - 2 potions of lignification
 h - 2 potions of invisibility
 i - 2 potions of berserk rage
 m - a potion of attraction {unknown}
 n - 3 potions of curing
 q - 2 potions of resistance
 u - 5 potions of might
 x - a potion of heal wounds
 z - 2 potions of ambrosia
 D - 3 potions of brilliance
 F - 4 potions of haste
 L - 2 potions of mutation
 O - a potion of cancellation {unknown}
 P - 4 potions of degeneration {unknown}
 W - 2 potions of flight


   Skills:
 - Level 10.0 Fighting
 - Level 12.0 Short Blades
 + Level 7.8 Crossbows
 - Level 2.1 Throwing
 - Level 10.0 Dodging
 - Level 15.0 Stealth
 - Level 14.0 Invocations
 - Level 15.0 Evocations


You had 9 spell levels left.
You knew the following spells:

 Your Spells              Type           Power      Damage    Failure   Level
a - Yara's Violent Unrav  Hex/Tmut       0%         3d3       100%        5

Your spell library contained the following spells:

 Spells                   Type           Power      Damage    Failure   Level
 Foxfire                  Conj/Fire      0%         2x1d4     86%         1
 Confusing Touch          Hex            0%         N/A       99%         3
 Conjure Flame            Conj/Fire      0%         6-21      99%         3
 Frozen Ramparts          Ice            0%         1d2       99%         3
 Inner Flame              Hex/Fire       0%         N/A       99%         3
 Flame Wave               Conj/Fire      0%         2d4       100%        4
 Ice Form                 Ice/Tmut       0%         N/A       100%        4
 Freezing Cloud           Conj/Ice/Air   0%         6-21      100%        5
 Enfeeble                 Hex            0%         N/A       100%        7
 Polar Vortex             Ice            0%         N/A       100%        9
 Summon Ice Beast         Ice/Summ       Unusable   N/A       N/A         4
 Simulacrum               Ice/Necr       Unusable   N/A       N/A         6

Dungeon Overview and Level Annotations

Branches:
Dungeon (12/15)            Temple (1/1) D:5            Lair (6/6) D:11
  Swamp (1/4) Lair:3       Spider (0/4) Lair:4        Slime (0/5) Lair:5
    Orc (2/2) D:12            Elf (0/3) Orc:2       Volcano (visited)

Altars:
Ashenzari
Cheibriados
Dithmenos
Elyvilon
Fedhas
Gozag
Hepliaklqana
Kikubaaqudgha
Makhleb
Nemelex Xobeh
Okawaru
Qazlal
Ru
Sif Muna
Trog
Uskayaw
Vehumet
Wu Jian
Xom
Yredelemnul
Zin
The Shining One

Shops:
Orc:2 :**(

Annotations:
D:11 3 runed translucent doors, AlmostDecent's ghost, journeyman GnHu
Lair:5 exclusion: oklob plant


Innate Abilities, Weirdness & Mutations

You are small and have problems with some larger weapons.
You are completely attuned to the shadows.


Message History

2 foxfires come into view.
The foxfire hits you!! The will-o-the-wisp engulfs you.
You fly upwards.
Welcome back to the Lair of Beasts!
There is a staircase to the Swamp here.
You're wearing all the rings you can.
Remove which one? (? for menu, Esc to cancel) < or
B - a +4 ring of protection; > or
f - a ring of flight You remove your ring of flight.
You float gracefully downwards.
The will-o-the-wisp engulfs you.
Q - a ring of protection from fire (right hand)
You hit the will-o-the-wisp.
The will-o-the-wisp is moderately damaged.
The will-o-the-wisp gestures.
The will-o-the-wisp conjures some foxfire! 2 foxfires come into view.
You hit the will-o-the-wisp but do no damage.
The will-o-the-wisp is moderately damaged.
The foxfire hits you. You resist.
* * * LOW HITPOINT WARNING * * *
The foxfire hits you! You resist.
* * * LOW HITPOINT WARNING * * *
You hit the will-o-the-wisp.
The will-o-the-wisp is heavily damaged.
You block the will-o-the-wisp's attack.
You closely miss the will-o-the-wisp.
The will-o-the-wisp is heavily damaged.
You hit the will-o-the-wisp.
The will-o-the-wisp is heavily damaged.
The will-o-the-wisp gestures.
The will-o-the-wisp conjures some foxfire! 2 foxfires come into view.
You barely miss the will-o-the-wisp.
The will-o-the-wisp is heavily damaged.
The will-o-the-wisp completely misses you.
You hit the will-o-the-wisp but do no damage.
The will-o-the-wisp is heavily damaged.
The foxfire hits you! You resist.
* * * LOW HITPOINT WARNING * * *
The foxfire hits you! You resist.
You die...

.....##..♣≈≈≈≈♣§§...§≈§♣♣
.....##..♣≈≈≈≈♣§§.♣§≈≈§.♣
.P...##..♣≈≈≈≈♣.♣♣♣≈≈§§.♣♣
P.P..##..♣≈≈≈≈§§♣♣♣≈§§♣.§♣
.P...##..♣≈≈≈...♣♣.≈≈≈♣§§♣
.....##....≈≈..♣♣≈§.≈§.§.♣
.#.#.......≈♣.♣♣§≈..§§§§♣♣
######...♣.♣♣♣♣♣vv♣§§♣§§♣
.........♣♣♣.♣.♣@♣♣♣♣♣♣♣♣
..........♣....♣♣♣♣.♣.♣
......................♣
......................#
...........(..........#
............#....##...##
.###.≈....P..#...##....#
###.#.≈≈≈≈P≈##........##
###P≈≈≈P≈♣≈≈#P........#


You could see a will-o-the-wisp.

Vanquished Creatures
  An orc warlord (D:12)
  Nessos (Orc:2)
  Azrael (Orc:2)
  A fire dragon (Lair:6)
  Josephine (D:11)
  7 hydras
  2 boulder beetles
  2 catoblepae
  Erica (D:8)
  2 two-headed ogres
  A satyr (D:12)
  Sonja (D:11)
  A hell knight (Volcano)
  A salamander mystic (Volcano)
  A lindwurm (Lair:6)
  2 orc sorcerers (Orc:1)
  An orc knight (Orc:2)
  2 manticores
  4 cyclopes (Volcano)
  3 salamanders (Volcano)
  6 black mambas
  12 cane toads
  6 molten gargoyles
  2 torpor snails (Lair:4)
  2 gargoyles
  3 kobold demonologists
  An unseen horror (D:10)
  An efreet (Volcano)
  A demonic crawler (Lair:4)
  2 rime drakes
  13 komodo dragons
  3 meliai (Lair:4)
  5 trolls
  A queen bee (Lair:4)
  Grinder (D:4)
  A hornet (D:8)
  A raiju (shapeshifter) (D:10)
  5 slime creatures
  5 blink frogs (Lair:2)
  A shadow (D:12)
  7 wyverns
  A fire elemental (Orc:2)
  5 wraiths
  46 yaks
  A steam dragon (D:9)
  2 basilisks (Lair:6)
  2 wargs
  An acid dragon (D:11)
  3 swamp worms
  18 water moccasins
  6 hell hounds
  A black bear (Lair:5)
  35 orc warriors
  3 sky beasts
  A swamp drake (Lair:3)
  An ice beast (D:6)
  13 centaurs
  5 ogres
  5 wolves (Lair:6)
  A phantom (D:12)
  6 kobold brigands
  9 bullfrogs
  A gnoll sergeant (D:10)
  7 scorpions
  4 troll zombies (D:12)
  17 killer bees
  4 howler monkeys
  16 wights
  6 electric eels
  5 lava snakes (Lair:6)
  2 centaur zombies
  4 hounds
  A jelly (D:6)
  Crazy Yiuf (D:3)
  2 bullfrog skeletons
  A centaur skeleton (D:6)
  2 gnoll shamans
  12 orc priests
  6 iguanas
  16 orc wizards
  7 hell rats (Lair:4)
  4 ogre zombies (D:12)
  8 adders
  A howler monkey skeleton (D:5)
  19 gnolls
  A shadow imp (D:6)
  An ufetubus (D:5)
  2 adder skeletons
  3 worms (Lair:4)
  6 dart slugs
  58 orcs
  2 endoplasms
  4 giant cockroaches
  6 goblins
  4 hobgoblins
  4 jackals (D:2)
  17 kobolds
  3 quokkas
  5 ball pythons
  3 bats
  A frilled lizard (D:1)
  A goblin skeleton (D:12)
  2 goblin zombies (D:12)
  A hobgoblin zombie (D:12)
  6 orc skeletons (D:12)
  15 orc zombies (D:12)
  3 rats
574 creatures vanquished.

Vanquished Creatures (collateral kills)
  2 kobolds (D:12)
2 creatures vanquished.

Vanquished Creatures (others)
  A deep elf pyromancer (D:11)
  A kobold demonologist (D:12)
  An orc (Orc:2)
  3 kobolds (D:9)
  11 foxfires
  32 fungi
  62 plants
111 creatures vanquished.

Grand Total: 687 creatures vanquished

Notes
Turn   | Place    | Note
-------+----------+-------------------------------------------
     0 | D:1      | fragbeetle the Kobold Brigand began the quest for the Orb.
     0 | D:1      | Reached XP level 1. HP: 12/12 MP: 1/1
   335 | D:1      | Reached XP level 2. HP: 17/17 MP: 2/2
   472 | D:1      | Found a faded altar of an unknown god.
   534 | D:1      | You fall into a shaft and drop 1 floor!
   927 | D:2      | Reached XP level 3. HP: 21/21 MP: 3/3
   930 | D:2      | Reached skill level 5 in Short Blades
  1009 | D:2      | Reached XP level 4. HP: 26/26 MP: 4/4
  2345 | D:3      | Found a stormy altar of Qazlal.
  2377 | D:3      | Identified the amulet of Burghuv {Reflect rPois Str+3 SH+5}
  2520 | D:3      | Found an opulent altar of Gozag.
  2628 | D:3      | Found a shadowy altar of Dithmenos.
  2642 | D:3      | HP: 1/26 [gnoll (3)]
  2716 | D:3      | HP: 1/26 [gnoll (4)]
  2718 | D:3      | Reached XP level 5. HP: 1/30 MP: 5/5
  4006 | D:4      | Reached XP level 6. HP: 4/35 MP: 6/6
  5202 | D:3      | Found a runed translucent door.
  5205 | D:3      | Noticed Crazy Yiuf
  5457 | D:4      | Noticed an ogre
  5477 | D:4      | Killed an ogre
  5545 | D:4      | Reached XP level 7. HP: 39/40 MP: 7/7
  5710 | D:4      | Noticed Grinder
  5710 | D:4      | Paralysed by Grinder for 3 turns
  5721 | D:5      | Entered Level 5 of the Dungeon
  5903 | D:5      | Reached skill level 10 in Short Blades
  6438 | D:4      | Paralysed by Grinder for 7 turns
  6448 | D:4      | Killed Grinder
  6449 | D:4      | Reached XP level 8. HP: 23/44 MP: 8/8
  7195 | D:5      | Found a staircase to the Ecumenical Temple.
  7354 | D:5      | Reached skill level 5 in Fighting
  7420 | Temple   | Entered the Ecumenical Temple
  7697 | Temple   | Became a worshipper of Warmaster Okawaru
  7837 | D:6      | Learned a level 5 spell: Yara's Violent Unravelling
  8161 | D:6      | Found a sparkling altar of Nemelex Xobeh.
  8232 | D:6      | Reached XP level 9. HP: 39/56 MP: 9/9
  8552 | D:6      | Found a white marble altar of Elyvilon.
  8566 | D:6      | Reached * piety under Okawaru
  9148 | D:6      | Identified the +0 scale mail of the Gloaming {rC+ rN+ Will+
                  | Str+4}
  9179 | D:6      | Found a broken altar of Ashenzari.
 10239 | D:7      | Reached skill level 10 in Fighting
 10254 | D:7      | Reached skill level 1 in Evocations
 10271 | D:7      | Reached ** piety under Okawaru
 11008 | D:8      | Reached XP level 10. HP: 55/68 MP: 10/10
 11176 | D:8      | Noticed Erica
 11195 | D:8      | Killed Erica
 11519 | D:8      | Reached *** piety under Okawaru
 13252 | D:9      | Noticed a two-headed ogre
 13256 | D:9      | Killed a two-headed ogre
 13256 | D:9      | Reached **** piety under Okawaru
 13257 | D:9      | Reached skill level 10 in Evocations
 13265 | D:9      | Received a gift from Okawaru
 13653 | D:9      | Reached XP level 11. HP: 37/72 MP: 14/14
 13991 | D:9      | Reached skill level 5 in Invocations
 14802 | D:10     | Entered Level 10 of the Dungeon
 14939 | D:10     | Reached skill level 5 in Dodging
 15234 | D:10     | Noticed a two-headed ogre
 15247 | D:10     | Killed a two-headed ogre
 15444 | D:10     | Reached ***** piety under Okawaru
 15743 | D:10     | Found a hazy altar of Hepliaklqana.
 15744 | D:10     | Found a shimmering altar of Xom.
 16618 | D:10     | Reached skill level 10 in Stealth
 17135 | D:11     | Noticed a manticore
 17137 | D:11     | Killed a manticore
 17143 | D:11     | Noticed Sonja
 17146 | D:11     | Killed Sonja
 17204 | D:11     | Noticed a four-headed hydra
 17208 | D:11     | Killed a four-headed hydra
 17209 | D:11     | Reached XP level 12. HP: 77/77 MP: 15/15
 17422 | D:11     | Received a gift from Okawaru
 17570 | D:11     | Noticed Josephine
 18281 | D:11     | Killed Josephine
 18282 | D:11     | Reached skill level 10 in Dodging
 18394 | D:11     | Found a runed translucent gate.
 18395 | D:11     | Found a runed translucent gate.
 18396 | D:11     | Found a runed translucent gate.
 18396 | D:11     | Found an opulent altar of Gozag.
 18397 | D:11     | Noticed AlmostDecent's ghost (journeyman GnHu)
 19053 | D:11     | Found a staircase to the Lair.
 19332 | Lair:1   | Entered Level 1 of the Lair of Beasts
 19526 | Lair:1   | Found a dark tunnel.
 19535 | Volcano  | Entered a volcano
 19643 | Volcano  | Received a gift from Okawaru
 19643 | Volcano  | Reached ****** piety under Okawaru
 19679 | Volcano  | Noticed a salamander mystic
 19686 | Volcano  | Killed a salamander mystic
 19686 | Volcano  | Noticed a hell knight
 19704 | Volcano  | Killed a hell knight
 19705 | Volcano  | Reached skill level 10 in Invocations
 19936 | Volcano  | Noticed an orb of fire
 20035 | Volcano  | Reached XP level 13. HP: 82/82 MP: 20/20
 20059 | Volcano  | Noticed an orb of fire
 21464 | Lair:2   | Found the brooch of Shielding {Spirit SH+8}
 22197 | Lair:2   | Identified the +3 fustibalus of Punishment {vorpal, Str+6}
                  | (Okawaru gifted it to you on level 2 of the Lair of Beasts)
 22197 | Lair:2   | Received a gift from Okawaru
 23335 | Lair:3   | Found an ornate altar of the Wu Jian Council.
 23336 | Lair:3   | Noticed a boulder beetle
 23338 | Lair:3   | Found a hide-covered altar of Uskayaw.
 23346 | Lair:3   | Noticed an eight-headed hydra
 23356 | Lair:3   | Killed an eight-headed hydra
 23364 | Lair:3   | Killed a boulder beetle
 23501 | Lair:3   | You fall into a shaft and drop 2 floors!
 23534 | Lair:5   | Found a glowing silver altar of Zin.
 24047 | Lair:3   | Noticed a four-headed hydra
 24053 | Lair:3   | Killed a four-headed hydra
 25306 | Lair:4   | Noticed a catoblepas
 25310 | Lair:4   | Killed a catoblepas
 25369 | Lair:4   | Received a gift from Okawaru
 25414 | Lair:4   | Found a hazy altar of Hepliaklqana.
 25499 | Lair:4   | Found a hole to the Spider Nest.
 25955 | Lair:4   | Reached XP level 14. HP: 77/88 MP: 21/21
 27441 | Lair:5   | Found a staircase to the Slime Pits.
 27619 | Lair:6   | Entered Level 6 of the Lair of Beasts
 27797 | Lair:6   | Reached skill level 15 in Evocations
 27801 | Lair:6   | Reached skill level 15 in Stealth
 27888 | Lair:6   | Received a gift from Okawaru
 29855 | D:3      | Killed Crazy Yiuf
 30425 | D:12     | Received a gift from Okawaru
 31234 | D:12     | HP: 2/88 [satyr (32)]
 31690 | D:12     | Found a staircase to the Orcish Mines.
 31721 | Arena    | Entered the Arena
 31902 | D:12     | HP: 1/88 [gargoyle/stone arrow (22)]
 31910 | D:12     | Identified the +0 ring mail of Shielding {Will++ Stlth+}
                  | (Okawaru gifted it to you on level 12 of the Dungeon)
 31910 | D:12     | Received a gift from Okawaru
 32396 | D:12     | Found a blossoming altar of Fedhas.
 33211 | Orc:1    | Entered Level 1 of the Orcish Mines
 33309 | Orc:2    | Entered Level 2 of the Orcish Mines
 33903 | Orc:2    | Noticed Nessos
 33941 | Orc:2    | Killed Nessos
 33942 | Orc:2    | Reached XP level 15. HP: 34/92 MP: 20/25
 34491 | Orc:2    | Reached skill level 1 in Crossbows
 34764 | Orc:2    | Noticed an orc warlord
 34961 | D:12     | Killed an orc warlord
 35465 | Orc:2    | Found a staircase to the Elven Halls.
 35495 | Orc:2    | Noticed Azrael
 35554 | Orc:2    | Killed Azrael
 35562 | Orc:2    | Reached skill level 5 in Crossbows
 36373 | Orc:2    | Found Viehueg's Assorted Antiques.
 36373 | Orc:2    | Found Xuineapt's General Store.
 36373 | Orc:2    | Found Norchoigh's Weapon Shop.
 36374 | Orc:2    | Found Olatz's Book Emporium.
 36378 | Orc:2    | Bought a scroll of identify for 62 gold pieces
 36378 | Orc:2    | Bought a scroll of identify for 62 gold pieces
 37271 | Lair:6   | Found a large runed translucent door.
 37305 | Lair:6   | Found a large runed translucent door.
 38961 | Lair:3   | Found a staircase to the Swamp.
 38968 | Swamp:1  | Entered Level 1 of the Swamp
 39237 | Lair:3   | HP: 4/92 [will-o-the-wisp/foxfire (11)]
 39237 | Lair:3   | Killed from afar by a will-o-the-wisp

Illustrated notes

Levels and vault maps discovered:
D:1:      sevenhm_arrival_forest_fort_small_3, layout_loops_ring,
          hellmonk_ecumenical_altar_heavens_door
D:2:      layout_loops_ring
D:3:      layout_basic, nicolae_dithmenos_through_a_glass_darkly,
          nicolae_qazlal_general_emergency, mainiacjoe_overflow_paths,
          serial_corexii_hall, chequers_hall_statues_wall_a,
          chequers_hall_statues_corner_a, corexii_hall_statues_l,
          chequers_hall_statues_wall_a, chequers_hall_statues_y,
          corexii_hall_statues_u, uniq_crazy_yiuf_cottage
D:4:      layout_basic, corner_web_ring, uniq_grinder
D:5:      layout_basic, temple_doors_ab
D:6:      layout_rooms, grunt_temple_overflow_open,
          mainiacjoe_overflow_24_doors, kennysheep_boxes
D:7:      layout_basic
D:8:      layout_basic, serial_corexii_hall, corexii_hall_statues_deadend,
          chequers_hall_statues_corner_a, corexii_hall_statues_u,
          chequers_hall_statues_corner_a, amcnicky_mini_pool_small, uniq_erica
D:9:      layout_rooms
D:10:     layout_grid_maze, regret_index_temple_of_mockery
D:11:     layout_gridville, grunt_lair_entry_orc_guard_hut, ebering_ghost_gozag,
          uniq_sonja, uniq_josephine
D:12:     layout_basic, zombieorc2_lemuel, fedhas_altar_1
Temple:   dpeg_chambers_temple
Lair:1:   layout_gridlike, lightli_volcano_entry_magma_tube
Lair:2:   layout_cave_pods
Lair:3:   layout_regular_city, palyth_hydra_swamp_entry, serial_bayou,
          serial_bayou_pond_c, serial_bayou_crossing, serial_bayou_pond_e,
          serial_bayou_lagoon_b, serial_bayou_pond_d,
          nzn_masters_of_martial_movement
Lair:4:   layout_loops_ring, nicolae_spider_entry_non_spiders, special_room
          [special_room_bee], basic_altar, grunt_megastairs_3
Lair:5:   layout_small_grid, dpeg_slime_entry_corner, lemuel_oklob_altar
Lair:6:   cheibrodos_lair_end_hotspot, layout_misc_corridors
Swamp:1:  layout_falls_marsh, nicolae_swamp_decorative_isthmus
Orc:1:    layout_caves, statue_in_the_mist_lemuel, minmay_orc_temple_a
Orc:2:    st_orc_rangers, layout_diamond_mine, hellmonk_bongcloud_opening,
          uniq_nessos, uniq_azrael

Skill      XL: |  1  2  3  4  5  6  7  8  9 10 11 12 13 14 15 |
---------------+----------------------------------------------+-----
Short Blades   | 3 4 5 6 7 9 11 12 | 12.0
Fighting       | 6 10 | 10.0
Evocations     | 4 10 14 15 | 15.0
Invocations    | 4 5 10 13 14 | 14.0
Dodging        | 8 10 | 10.0
Stealth        | 10 13 15 | 15.0
Crossbows      | 7 |  7.8
Throwing       | |  2.1

Action                   |  1- 3 |  4- 6 |  7- 9 | 10-12 | 13-15 || total
-------------------------+-------+-------+-------+-------+-------++-------
Melee: Dagger            |    30 |   240 |   689 |   513 |  2138 ||  3610
       Punch             |       |     1 |    10 |    23 |       ||    34
       Short sword       |       |       |       |   340 |   102 ||   442
 Fire: Fustibalus        |       |       |       |       |     1 ||     1
       Hand crossbow     |       |       |       |       |    11 ||    11
Throw: Dart              |       |     6 |       |     1 |     8 ||    15
Invok: Heroism           |       |       |       |     5 |    14 ||    19
       Finesse           |       |       |       |       |     4 ||     4
       Duel              |       |       |       |       |     1 ||     1
Evoke: Wand              |       |       |    21 |    18 |    21 ||    60
  Use: Scroll            |       |       |       |     7 |    15 ||    22
       Potion            |       |       |       |       |     8 ||     8
 Stab: Sleeping          |    14 |    10 |    15 |    17 |    44 ||   100
       Distracted        |       |     1 |     1 |     2 |    21 ||    25
Armor: Robe              |     4 |       |       |       |       ||     4
       Leather armour    |       |    41 |    45 |       |       ||    86
       Scale mail        |       |       |    37 |   105 |   258 ||   400
Dodge: Dodged            |    10 |    84 |   226 |   354 |   974 ||  1648
Block: Other             |       |    28 |    71 |    82 |       ||   181
       Reflection        |       |     1 |       |     3 |    32 ||    36
       Buckler           |       |       |       |     8 |   729 ||   737
